 Dungeon Crawl Stone Soup version 0.17.1-1-g73c8601 (webtiles) character file.

417 Genom09 the Changer (level 6, -4/44 HPs)
             Began as a Merfolk Transmuter on Dec 11, 2015.
             Slain by Kloppie's ghost (6 damage)
             ... on level 4 of the Dungeon.
             The game lasted 00:16:34 (2162 turns).

Genom09 the Changer (Merfolk Transmuter)            Turns: 2162, Time: 00:16:34

Health: -4/44      AC:  2    Str: 12    XL:     6   Next: 92%
Magic:  3/10       EV: 22    Int: 13    God:
Gold:   80         SH:  0    Dex: 19    Spells: 3 memorised, 5 levels left

rFire  + . .     SeeInvis .       - Unarmed
rCold  . . .     Clarity  .     (armour currently unavailable)
rNeg   . . .     SustAt   .     (shield currently unavailable)
rPois  x         Gourm    .     (helmet currently unavailable)
rElec  .         Spirit   .     (cloak currently unavailable)
rCorr  .         Warding  .     (gloves currently unavailable)
rMut   .         Stasis   .     (boots currently unavailable)
MR     .....                    (no amulet)
Stlth  ++........               w - ring of invisibility
                                u - ring of protection from fire

@: spider-form (expiring), not resistant to hostile enchantments, unstealthy
A: (change form in water), (swift swim)
a: End Transformation, Evoke Invisibility


You were on level 4 of the Dungeon.
You were very hungry.
You were a venomous arachnid creature.
You visited 1 branch of the dungeon, and saw 4 of its levels.

You collected 80 gold pieces.

Inventory:

Armour
 b - a +0 robe (melded)
 o - a +0 pair of gloves (melded)
 x - a +0 pair of boots (melded)
Jewellery
 i - an uncursed amulet of rage
 k - an uncursed amulet of regeneration
 u - a ring of protection from fire (left front leg)
 w - a ring of invisibility (right front leg)
 y - an uncursed ring of protection from magic {unknown}
Scrolls
 e - 3 scrolls of identify
 g - 5 scrolls of remove curse
 h - a scroll of fear
 l - a scroll of recharging
 q - a scroll of teleportation {unknown}
 t - 3 scrolls of noise {unknown}
 v - a scroll of immolation {unknown}
Potions
 j - 2 potions of curing {unknown}
 m - 2 potions of flight {unknown}
 p - a potion of agility {unknown}
 s - a potion of degeneration {unknown}
 z - a potion of heal wounds {unknown}
 A - a potion of poison {unknown}
Books
 c - a book of Changes

   Spells                             Type                      Level
   a - Beastly Appendage              Transmutation                1
   b - Sticks to Snakes               Transmutation                2
   c - Spider Form                    Transmutation/Poison         3
   d - Ice Form                       Ice/Transmutation            4
   e - Blade Hands                    Transmutation                5
Comestibles
 d - 2 bread rations
 f - 5 chunks of flesh
 n - a beef jerky
 r - a meat ration


   Skills:
 - Level 2.1 Fighting
 - Level 4.0 Dodging
 - Level 4.0 Unarmed Combat
 - Level 3.2 Spellcasting
 * Level 5.8 Transmutations
 * Level 3.2 Poison Magic


You had 5 spell levels left.
You knew the following spells:

 Your Spells              Type           Power        Failure   Level  Hunger
a - Beastly Appendage     Trmt           ###...       8%          1    #......
b - Sticks to Snakes      Trmt           ###.......   12%         2    ##.....
c - Spider Form           Trmt/Pois      ##........   28%         3    ###....


Dungeon Overview and Level Annotations

Branches:
Dungeon (4/15)
 Temple: D:4-7

Altars:
Fedhas
Kikubaaqudgha
Okawaru
Sif Muna

Annotations:
D:4 Kloppie's ghost, amateur CeFi


Message History

Drink which item? (? for menu, Esc to quit)
Okay, then.
Read which item? (? for menu, Esc to quit)
As you read the scroll labeled ALOMMU DAOL, it crumbles to dust.
It is a scroll of identify.
Identify which item? (\ to view known items) (? for menu, Esc to quit)
g - 5 scrolls of remove curse Kloppie's ghost barely misses you.
Read which item? (? for menu, Esc to quit)
As you read the scroll labeled PIESTO WIONN, it crumbles to dust.
You assume a fearsome visage.
Kloppie's ghost is unaffected.
It was a scroll of fear.
Your transformation is almost over.
Kloppie's ghost completely misses you.
Read which item? (? for menu, Esc to quit)
As you read the scroll labeled VUEQAG VIEMOH, it crumbles to dust.
It is a scroll of recharging.
You aren't carrying any rechargeable items.
Kloppie's ghost hits you.
You die...

#.............#
#.####.##.#####
#.# #.##.#
#######.# #.##.#
#.......####.##.#
#.#####......##.#
#.####.##.# ###
#.# #.##.# #..
##s# #.# #.W# #.#
#.## #.# #.# #.#
#.# #.# #.# .#
#.# #.# .# #.#
#.# .#
#.######)##.#


You could see Kloppie's ghost.

Vanquished Creatures
  2 ogres (D:4)
  A scorpion (D:4)
  Ijyb (D:2)
  2 orc wizards (D:4)
  A worker ant (D:4)
  4 adders
  2 oozes
  A worm (D:2)
  5 orcs
  5 goblins
  4 hobgoblins
  9 kobolds
  A quokka (D:4)
  A ball python (D:2)
  7 bats
  3 giant geckos
  3 giant newts
  6 jackals (D:1)
  9 rats
67 creatures vanquished.

Vanquished Creatures (collateral kills)
  Terence (D:2)
  A giant gecko (D:2)
  A giant cockroach (D:2)
3 creatures vanquished.

Grand Total: 70 creatures vanquished

Notes
Turn   | Place    | Note
--------------------------------------------------------------
     0 | D:1      | Genom09 the Merfolk Transmuter began the quest for the Orb.
     0 | D:1      | Reached XP level 1. HP: 15/15 MP: 3/3
    99 | D:1      | Reached XP level 2. HP: 11/21 MP: 3/5
   546 | D:1      | Reached XP level 3. HP: 26/26 MP: 4/6
   749 | D:1      | Learned a level 2 spell: Sticks to Snakes
  1001 | D:2      | Noticed Terence
  1019 | D:2      | Killed Terence
  1019 | D:2      | Reached skill level 4 in Unarmed Combat
  1275 | D:2      | Reached XP level 4. HP: 33/33 MP: 3/7
  1314 | D:2      | Found an iron altar of Okawaru.
  1474 | D:2      | Noticed Ijyb
  1490 | D:2      | Killed Ijyb
  1602 | D:2      | Reached XP level 5. HP: 38/38 MP: 4/9
  1623 | D:2      | Found a deep blue altar of Sif Muna.
  1665 | D:2      | Found an ancient bone altar of Kikubaaqudgha.
  1667 | D:2      | Found a blossoming altar of Fedhas.
  1800 | D:2      | Learned a level 3 spell: Spider Form
  1896 | D:3      | You fall through a shaft!
  1924 | D:4      | Reached skill level 1 in Poison Magic
  1932 | D:4      | Reached XP level 6. HP: 37/44 MP: 3/10
  1935 | D:4      | Noticed Kloppie's ghost (amateur CeFi)
  2026 | D:4      | Noticed an ogre
  2034 | D:4      | Killed an ogre
  2034 | D:4      | Reached skill level 5 in Transmutations
  2131 | D:4      | Noticed an ogre
  2145 | D:4      | Killed an ogre
  2159 | D:4      | HP: 2/44 [Kloppie's ghost (5)]
  2162 | D:4      | Slain by Kloppie's ghost

Action                   |  1- 3 |  4- 6 || total
-------------------------+-------+-------++-------
Melee: Unarmed           |   117 |    99 ||   216
 Cast: Beastly Appendage |    22 |    13 ||    35
       Sticks to Snakes  |     3 |     9 ||    12
       Spider Form       |       |     6 ||     6
  Use: Scroll            |       |     3 ||     3
 Stab: Sleeping          |     1 |       ||     1
       Distracted        |       |     1 ||     1
  Eat: Chunk             |     2 |     4 ||     6
